 Dungeon Crawl Stone Soup version 0.26.0-10-g1f06aea511 (webtiles) character file.

Game seed: 3684665044846087706

266 MajorAdolf the Shooter (level 6, -4/48 (49) HPs)
             Began as a Naga Wanderer on Jan 16, 2021.
             Shot with an arrow by a centaur (10 damage)
             ... on level 4 of the Dungeon.
             The game lasted 00:04:55 (4113 turns).

MajorAdolf the Shooter (Naga Wanderer)              Turns: 4113, Time: 00:04:56

HP:   -4/48 (49)    AC:  7    Str: 12    XL:     6   Next: 20%
MP:   6/6           EV:  6    Int: 17    God:
Gold: 104           SH:  4    Dex: 10    Spells: 5/5 levels left

rFire    . . .     SeeInvis +   n - +2 hand axe (elec)
rCold    . . .     Faith    .   e - +0 buckler
rNeg     . . .     Spirit   .   b - +2 scale mail
rPois    +         Reflect  .   (no helmet)
rElec    .         Harm     .   (no cloak)
rCorr    .         Rampage  .   (no gloves)
Will     .....                  (no barding)
Stlth    ..........             (no amulet)
HPRegen  0.16/turn              (no ring)
MPRegen  0.10/turn              (no ring)

@: very slightly contaminated, lightly drained, invisible, very slow
A: large, see invisible, deformed body, poison resistance, slowness 2, spit
poison 1, AC +2
a: Spit Poison


You were on level 4 of the Dungeon.
You visited 1 branch of the dungeon, and saw 5 of its levels.

You collected 104 gold pieces.

Inventory:

Hand Weapons
 d - a +0 hand axe
 j - a +0 short sword
 n - a +2 hand axe of electrocution (weapon)
 r - a +0 hand axe of venom
Missiles
 g - 39 arrows
Armour
 b - a +2 scale mail (worn)
 e - a +0 buckler (worn)
Jewellery
 a - an uncursed ring of wizardry {unknown}
 p - a +4 ring of protection {unknown}
Scrolls
 i - 2 scrolls of teleportation {unknown}
 k - 2 scrolls of remove curse {unknown}
 l - 2 scrolls of enchant armour {unknown}
 o - a scroll of identify {unknown}
Potions
 c - 2 potions of curing
 h - a potion of flight
 m - a potion of might {unknown}
 q - a potion of attraction {unknown}


   Skills:
 * Level 3.4 Axes
 - Level 5.4 Bows
 - Level 1.0 Throwing
 + Level 3.2 Armour
 - Level 1.5 Stealth
 - Level 2.4 Shields


You had 5 spell levels left.
You didn't know any spells.
Your spell library was empty.

Dungeon Overview and Level Annotations

Branches:
Dungeon (5/15)
 Temple: D:4-7

Altars:

Annotations:
D:4 Robin


Innate Abilities, Weirdness & Mutations

You cannot wear boots.
Your serpentine skin is tough. (AC +2)
You have supernaturally acute eyesight. (SInv)
Armour fits poorly on your strangely shaped body.
Your system is resistant to poisons. (rPois)
You cover ground very slowly.
You can spit poison.


Message History

Level annotation: Robin The centaur unwields a +0 shortbow.
The centaur hits you.
* * * LOW HITPOINT WARNING * * *
Robin barely misses you.
Robin roars a battlecry!
The goblins go into a battle-frenzy!
You block the centaur's attack.
There is a stone staircase leading down here.
You see here an arrow.
Okay, then.
Okay, then.
It was a potion of curing.
You feel better. The centaur hits you.
* * * LOW HITPOINT WARNING * * *
The goblin shoots a stone.
The stone closely misses Robin.
The stone barely misses the centaur.
The stone hits you but does no damage. You block Robin's attack.
Unknown command.
The centaur wields a +0 shortbow.
The centaur shoots an arrow.
The arrow hits you!
You die...

#. .......<...†....# ##.#
#####.>.##......# #...
#.......###### ###..#
####.#.#####
#....###......# ###
##.#...(....##########(#
.....#....### ##......#
#...g.## ##..########
##.###.## #.@##...#...
##.(# #c.#####>##........
##)(#####..##g............
#g((......g(gOc##.........
O(.....###)######.........
.....#####.#######........
..........................
##########..######.....###
##...# #.....#


You could see an ogre, a centaur, Robin and a goblin (strong).

Vanquished Creatures
  An orc priest (D:3)
  3 orc wizards
  Jessica (D:2)
  An iguana (D:4)
  3 adders
  2 worms
  2 dart slugs (D:1)
  A leopard gecko (D:2)
  12 orcs
  4 bats
  2 giant cockroaches
  11 goblins
  5 hobgoblins
  3 jackals (D:3)
  2 kobolds
  A ball python (D:3)
  A frilled lizard (D:2)
  4 rats
59 creatures vanquished.

Vanquished Creatures (others)
  A goblin (D:4)
1 creature vanquished.

Grand Total: 60 creatures vanquished

Notes
Turn   | Place    | Note
-------+----------+-------------------------------------------
     0 | D:1      | MajorAdolf the Naga Wanderer began the quest for the Orb.
     0 | D:1      | MajorAdolf set off with the following items: a +0 mace, a
                  | +2 scale mail, a +0 shortbow, 27 arrows
     0 | D:1      | Reached XP level 1. HP: 15/15 MP: 1/1
   419 | D:1      | Reached XP level 2. HP: 18/22 MP: 2/2
   628 | D:1      | Reached skill level 1 in Shields
   901 | D:2      | HP: 1/33 [poisoned by an adder]
   903 | D:2      | Reached XP level 3. HP: 2/28 MP: 3/3
   909 | D:2      | HP: 1/42 [poisoned by an adder]
  2298 | D:2      | Noticed Jessica
  2299 | D:2      | Killed Jessica
  2300 | D:2      | Reached skill level 1 in Axes
  2300 | D:2      | Reached XP level 4. HP: 22/36 MP: 4/4
  3096 | D:3      | Reached XP level 5. HP: 29/42 MP: 5/5
  3947 | D:4      | Reached XP level 6. HP: 49/49 MP: 6/6
  4042 | D:4      | Noticed Robin
  4109 | D:5      | Entered Level 5 of the Dungeon
  4111 | D:4      | HP: 2/48 [centaur (1)]
  4113 | D:4      | Shot with an arrow by a centaur

Illustrated notes

Levels and vault maps discovered:
D:1:      psy_arrival_statuary, layout_basic, minmay_misc_feat_chi
D:2:      layout_basic, uniq_jessica
D:3:      layout_basic, st_stairs_13
D:4:      layout_rooms, kennysheep_generic_room_5, uniq_robin, uniq_menkaure
D:5:      minmay_opposing_rooms, layout_basic, basic_altar

Skill      XL: |  1  2  3  4  5 |
---------------+----------------+-----
Armour         | 2 3 |  3.2
Shields        | 1 2 |  2.4
Axes           | 1 2 3 |  3.4
Bows           | |  5.4
Throwing       | |  1.0
Stealth        | |  1.5

Action                   |  1- 3 |  4- 6 || total
-------------------------+-------+-------++-------
Melee: Mace              |    41 |       ||    41
       Short sword       |    40 |       ||    40
       Hand axe          |    23 |   137 ||   160
 Abil: Spit Poison       |     8 |    11 ||    19
  Use: Potion            |     3 |     3 ||     6
Armor: Scale mail        |    65 |    74 ||   139
       Skin              |     3 |     3 ||     6
Dodge: Dodged            |    37 |    56 ||    93
Block: Buckler           |    19 |    27 ||    46
